 Dungeon Crawl Stone Soup version 0.31-a0-214-gb37851dbb3 (webtiles) character file.

Game seed: 13322825608471346800

116 qw the Shooter (level 4, -8/36 HPs)
             Began as a Minotaur Hexslinger on July 1, 2023.
             Killed from afar by an orc wizard (9 damage)
             ... with a puff of flame
             ... on level 3 of the Dungeon.
             The game lasted 00:00:48 (1699 turns).

qw the Shooter (Minotaur Hexslinger)                Turns: 1699, Time: 00:00:48

Health: -8/36      AC:  5    Str: 13    XL:     4   Next: 70%
Magic:  4/4        EV: 11    Int: 10    God:
Gold:   84         SH:  0    Dex: 14    Spells: 4/5 levels left

rFire   . . .        Y - +1 sling
rCold   . . .        (no shield)
rNeg    . . .        d - +0 ring mail
rPois   .            (helmet restricted)
rElec   .            (no cloak)
rCorr   .            (no gloves)
SInv    .            (no boots)
Will    .....        (no amulet)
Stlth   +            (no ring)
HPRegen 0.26/turn    (no ring)
MPRegen 0.09/turn

%: no passive effects
@: no status effects
A: horns 2, retaliatory headbutt
a: no special abilities


You were on level 3 of the Dungeon.
You visited 1 branch of the dungeon, and saw 3 of its levels.

You collected 84 gold pieces.


Innate Abilities, Weirdness & Mutations

You have a pair of horns on your head.
You reflexively headbutt those who attack you in melee.


   Skills:
 + Level 2.3 Fighting
 - Level 5.0 Ranged Weapons
 - Level 1.0 Armour
 - Level 2.1 Dodging
 - Level 1.0 Spellcasting
 - Level 2.0 Hexes


You had 4 spell levels left.
You knew the following spells:

 Your Spells              Type           Power      Damage    Failure   Level
a - Slow                  Hex            16%        N/A       32%         1

Your spell library contained the following spells:

 Spells                   Type           Power      Damage    Failure   Level
 Inner Flame              Hex/Fire       2%         N/A       82%         3
 Portal Projectile        Hex/Tloc       4%         N/A       82%         3
 Cause Fear               Hex            2%         N/A       97%         4

Inventory:

Hand Weapons
 Y - a +1 sling (weapon)
Armour
 d - a +0 ring mail (worn)
Potions
 b - a potion of curing {unknown}

Dungeon Overview and Level Annotations

Branches:
Dungeon (3/15)

Altars:
Xom


Message History

The dart slug launches a dart at you.
The slug dart hits you but does no damage.
You shoot a sling bullet.
The sling bullet hits the orc but does no damage.
The orc is lightly wounded.
Something hits you but does no damage. The orc hits you with a +0 falchion.
The orc closely misses you. The dart slug launches a dart at you.
The slug dart hits something.
You shoot a sling bullet.
The sling bullet hits the orc but does no damage.
The orc is lightly wounded.
You hear some strange, mumbled words.
Something tries to affect you, but you resist.
The orc hits you but does no damage. The orc misses you. Something hits you.
The orc barely misses you.
You shoot a sling bullet.
The sling bullet closely misses the orc.
The sling bullet hits the orc.
You kill the orc!
You hear some strange, mumbled words.
A puff of flame appears from out of thin air!
The puff of flame hits you! The orc barely misses you. You furiously retaliate!
You headbutt the orc!
You kill the orc!
The dart slug launches a dart at you. The slug dart hits you.
You shoot a sling bullet.
The sling bullet completely misses the orc.
Something hits you but does no damage. The orc hits you with a +0 hand axe.
The dart slug launches a dart at you. The slug dart hits you.
You shoot a sling bullet. The sling bullet hits the orc.
The orc is lightly wounded.
Something hits you. The orc hits you but does no damage.
The orc barely misses you.
You hear some strange, mumbled words.
A puff of flame appears from out of thin air!
The puff of flame hits you!
You die...

#.# #...........
#######<#####.......#
.............%.......
#######.#####.#.###.#
#.#.........#
#.#.###.#.#.# #.#
#.#.#.# #.. ..#.# #
### ####@#
.......{oo.....
#.######w)#.#.# ....
..#.# ..#..$ ... ...
#.#. ..


You could see a dart slug and 2 orcs.

Vanquished Creatures
  4 adders
  A worm (D:2)
  4 dart slugs (D:1)
  4 orcs (D:3)
  7 endoplasms
  4 giant cockroaches
  8 goblins
  A hobgoblin (D:1)
  6 jackals (D:1)
  3 kobolds
  4 ball pythons
  6 bats
  4 frilled lizards
  5 rats
61 creatures vanquished.

Notes
Turn   | Place    | Note
-------+----------+-------------------------------------------
     0 | D:1      | qw the Minotaur Hexslinger began the quest for the Orb.
     0 | D:1      | Reached XP level 1. HP: 16/16 MP: 1/1
     0 | D:1      | 0 ||| qw: Version: 0.3-a-32-g5962c71
     0 | D:1      | 0 ||| qw: Game counter: 7388
     0 | D:1      | 0 ||| qw: Melee chars always use a shield: true
     0 | D:1      | 0 ||| qw: God list: Okawaru
     0 | D:1      | 0 ||| qw: Allow faded altars: false
     0 | D:1      | 0 ||| qw: Do Orc after clearing Dungeon:15 true
     0 | D:1      | 0 ||| qw: Do second Lair branch before Depths: true
     0 | D:1      | 0 ||| qw: Lair rune preference: random
     0 | D:1      | 0 ||| qw: Goals: Normal
     0 | D:1      | 0 ||| PLANNING D:1-11
    49 | D:1      | Reached skill level 3 in Ranged Weapons
    56 | D:1      | 56 ||| FLEEEEING.
    59 | D:1      | 59 ||| FLEEEEING.
    60 | D:1      | 60 ||| FLEEEEING.
    79 | D:1      | Reached XP level 2. HP: 23/23 MP: 2/2
   317 | D:1      | Reached XP level 3. HP: 29/29 MP: 3/3
   577 | D:1      | 577 ||| UPGRADING to +0 ring mail.
   587 | D:1      | 587 ||| DROPPING +0 robe.
   588 | D:1      | 588 ||| READING scroll labelled PEFFAMUJISA.
   589 | D:1      | 589 ||| READING scroll labelled WUEHIA NEOB.
   590 | D:1      | 590 ||| READING scroll labelled YRHOMUANEU.
   591 | D:1      | 591 ||| DRINKING 3 red potions.
   592 | D:1      | 592 ||| DROPPING scroll of poison.
   618 | D:2      | 618 ||| STAIRDANCE
   625 | D:1      | Reached skill level 4 in Ranged Weapons
   862 | D:2      | 862 ||| FLEEEEING.
   864 | D:2      | 864 ||| FLEEEEING.
   877 | D:2      | Reached skill level 1 in Armour
   968 | D:2      | Found a shimmering altar of Xom.
  1005 | D:2      | Reached XP level 4. HP: 36/36 MP: 4/4
  1253 | D:2      | Found a faded altar of an unknown god.
  1587 | D:2      | 1587 ||| READING scroll labelled AFETTIN VILLAP.
  1588 | D:2      | 1588 ||| DRINKING 3 fizzy blue potions.
  1589 | D:2      | 1589 ||| DROPPING 2 potions of brilliance.
  1686 | D:3      | HP: 8/36 [orc/+0 trident (6)]
  1687 | D:3      | Reached skill level 5 in Ranged Weapons
  1687 | D:3      | 1687 ||| DRINKING 2 potions of heal wounds.
  1692 | D:3      | HP: 7/36 [something (3)]
  1693 | D:3      | 1693 ||| DRINKING potion of heal wounds.
  1698 | D:3      | HP: 9/36 [orc/+0 hand axe (4)]
  1699 | D:3      | HP: 1/36 [something (4)]
  1699 | D:3      | Killed from afar by an orc wizard

Levels and vault maps discovered:
D:1:      minmay_arrival_jagged, layout_basic
D:2:      minmay_skewed_foursquare, layout_basic, basic_altar, serial_bayou,
          serial_bayou_pond_c, serial_bayou_pond_c, serial_bayou_pond_e,
          serial_bayou_shore_b, chequers_ecumenical_altar_grove
D:3:      layout_basic, gammafunk_ghost_gnarly_gnolls, corexii_leaking_fountain

Skill      XL: |  1  2  3  4 |
---------------+-------------+-----
Ranged Weapons | 3 4 5 |  5.0
Fighting       | 2 |  2.3
Armour         | 1 |  1.0
Dodging        | |  2.1
Spellcasting   | |  1.0
Hexes          | |  2.0

Action                     |  1- 3 |  4- 6 || total
---------------------------+-------+-------++-------
   Fire: Sling             |   117 |    67 ||   184
    Use: Scroll            |     3 |     1 ||     4
         Potion            |     1 |     3 ||     4
 Armour: Robe              |     5 |       ||     5
         Ring mail         |     8 |    30 ||    38
  Dodge: Dodged            |    24 |    42 ||    66

Table legend:
 A = Non-vault XP
 B = Vault XP
 C = Vault XP percentage of total XP
 D = Non-vault monster count
 E = Vault monster count
 F = Vault count percentage of total count
                 A         B        C        D         E       F
            +---------+---------+-------+---------+---------+-------
      Total |     156 |      11 |   6.6 |      57 |       4 |   6.6
            +---------+---------+-------+---------+---------+-------
        D:1 |      76 |       0 |   0.0 |      33 |       0 |   0.0
        D:2 |      39 |      11 |  22.0 |      16 |       4 |  20.0
        D:3 |      41 |       0 |   0.0 |       8 |       0 |   0.0
            +---------+---------+-------+---------+---------+-------
